[Event "Rodostosah WGM 2019"]
[Site "Tekirdag"]
[Date "2019.02.10"]
[Round "1.6"]
[White "Caglar, Sila"]
[Black "Shkuran, Danylo"]
[Result "1/2-1/2"]
[ECO "B85"]
[WhiteElo "2062"]
[BlackElo "2368"]
[Annotator "NA"]
[PlyCount "81"]
[EventDate "2019.02.08"]
[EventType "schev"]
[EventCountry "TUR"]
[SourceTitle "playchess.com"]
[Source "ChessBase"]
[SourceQuality "1"]
[TimeControl "5400+30"]

1. e4 c5 2. Nf3 e6 3. d4 cxd4 4. Nxd4 Nc6 5. Nc3 Qc7 6. Be2 a6 7. Be3 Nf6 8. O-O Be7 9. f4 d6 10. Kh1 O-O 11. Qe1 Bd7 12. Qg3 Kh8 13. Rad1 b5 14. a3 Rac8 15. Bf3 Na5 16. e5 Ne8 17. Nf5 exf5 18. Nd5 Qb8 19. Nxe7 Rxc2 20. Bd4 Nc4 21. Bd5 Be6 22. Qd3 Rxb2 23. Bxe6 fxe6 24. Qh3 Rf7 25. exd6 Rd2 26. Ng6+ Kg8 27. Ne7+ Kh8 28. Ng6+ Kg8 29. Ne7+ Rxe7 30. dxe7 Qd6 31. Qc3 Rxd1 32. Rxd1 Qxa3 33. Bxg7 Qxc3 34. Bxc3 a5 35. Rd7 b4 36. Bd4 Kf7 37. Bc5 b3 38. Rb7 a4 39. Bd4 Ned6 40. Rb4 Ne8 41. Rb7 1/2-1/2

[Event "Rodostosah WGM 2019"]
[Site "Tekirdag"]
[Date "2019.02.10"]
[Round "1.7"]
[White "Kocyigit, Buse Naz"]
[Black "Brankovic, Dejan"]
[Result "0-1"]
[ECO "B34"]
[WhiteElo "2023"]
[BlackElo "2318"]
[Annotator "NA"]
[PlyCount "114"]
[EventDate "2019.02.08"]
[EventType "schev"]
[EventCountry "TUR"]
[SourceTitle "playchess.com"]
[Source "ChessBase"]
[SourceQuality "1"]
[TimeControl "5400+30"]

1. e4 g6 2. d4 Bg7 3. Nf3 c5 4. Nc3 cxd4 5. Nxd4 Nc6 6. Be3 d6 7. Be2 Nf6 8. f3 O-O 9. Qd2 d5 10. Nxc6 bxc6 11. e5 Nd7 12. f4 Qa5 13. Ne4 Qxd2+ 14. Nxd2 f6 15. exf6 Bxf6 16. O-O-O e5 17. fxe5 Nxe5 18. h3 Re8 19. Bf4 Rb8 20. c3 Rb7 21. Nf3 Bf5 22. Nxe5 Bxe5 23. Bxe5 Rxe5 24. Bf3 Kg7 25. Rhe1 Kf6 26. h4 h5 27. Rf1 Rb6 28. Rd4 Re3 29. Kd2 Rxf3 30. gxf3 Rxb2+ 31. Ke3 Rxa2 32. c4 Ke5 33. f4+ Kd6 34. cxd5 cxd5 35. Rfd1 Ra3+ 36. Kf2 Ra5 37. Rc1 Ra2+ 38. Kg3 Be4 39. Rcd1 Ke6 40. Rc1 Rg2+ 41. Kh3 Rf2 42. Ra1 Rf3+ 43. Kh2 Rxf4 44. Rxa7 Rxh4+ 45. Kg3 Rg4+ 46. Kh2 Rg2+ 47. Kh3 Rg1 48. Rd2 g5 49. Rb2 Rh1+ 50. Kg3 h4+ 51. Kg4 Rg1+ 52. Kh3 Rg3+ 53. Kh2 Kf5 54. Ra4 Kg4 55. Rd2 Rh3+ 56. Kg1 Rh1+ 57. Kf2 Rh2+ 0-1

[Event "Rodostosah WGM 2019"]
[Site "Tekirdag"]
[Date "2019.02.10"]
[Round "1.8"]
[White "Duran, Esma Doga"]
[Black "Eric, Jovana"]
[Result "0-1"]
[ECO "A87"]
[WhiteElo "2005"]
[BlackElo "2222"]
[Annotator "NA"]
[PlyCount "102"]
[EventDate "2019.02.08"]
[EventType "schev"]
[EventCountry "TUR"]
[SourceTitle "playchess.com"]
[Source "ChessBase"]
[SourceQuality "1"]
[TimeControl "5400+30"]

1. d4 f5 2. c4 Nf6 3. g3 g6 4. Bg2 Bg7 5. Nf3 d6 6. O-O O-O 7. b3 c6 8. Bb2 Qa5 9. Qc2 Re8 10. Nbd2 e5 11. dxe5 dxe5 12. e4 f4 13. a3 Nh5 14. b4 Qc7 15. c5 b5 16. cxb6 axb6 17. b5 h6 18. Rfc1 c5 19. a4 Be6 20. Nc4 Nd7 21. Rd1 Kh7 22. Bf1 Rf8 23. Ne1 fxg3 24. hxg3 Nhf6 25. Bg2 Ng4 26. Nf3 Rf7 27. Nd6 Rf6 28. Nc4 Raf8 29. Rd3 g5 30. Rad1 Rg6 31. R3d2 Nb8 32. Nh2 Nxf2 33. Rxf2 Rxf2 34. Qxf2 Bxc4 35. Bh3 Rf6 36. Bf5+ Kg8 37. Ng4 Rd6 38. Qc2 Bf7 39. Ne3 c4 40. Ba3 Rd4 41. Nd5 Bxd5 42. exd5 Nd7 43. Be6+ Kh8 44. d6 Rxd1+ 45. Qxd1 Qd8 46. Bxc4 e4 47. Qd5 e3 48. Qe6 Ne5 49. Be2 Qf8 50. Qa2 Qf2+ 51. Kh1 Nf3 0-1

[Event "Rodostosah WGM 2019"]
[Site "Tekirdag"]
[Date "2019.02.10"]
[Round "1.9"]
[White "Anacoglu, Cisel"]
[Black "Dimitrijevic, Aleksandra"]
[Result "0-1"]
[ECO "B01"]
[WhiteElo "1962"]
[BlackElo "2175"]
[Annotator "NA"]
[PlyCount "86"]
[EventDate "2019.02.08"]
[EventType "schev"]
[EventCountry "TUR"]
[SourceTitle "playchess.com"]
[Source "ChessBase"]
[SourceQuality "1"]
[TimeControl "5400+30"]

1. e4 d5 2. exd5 Qxd5 3. Nc3 Qd6 4. d4 a6 5. Bd3 Nc6 6. Nge2 Nf6 7. Bf4 Qd8 8. O-O e6 9. a4 b6 10. Bc4 Nb4 11. Bb3 Bb7 12. Qd2 Qd7 13. Be5 Be7 14. Rad1 h5 15. Qf4 g5 16. Qe3 Ng4 17. Qg3 Nf6 18. Qe3 O-O-O 19. f3 Rhg8 20. Ne4 Nfd5 21. Bxd5 Nxd5 22. Qb3 f6 23. c4 fxe5 24. dxe5 Qe8 25. cxd5 exd5 26. Nf2 Bc5 27. Qc3 d4 28. Nxd4 Qxe5 29. Nb3 Bxf2+ 30. Kxf2 Qxh2 31. Rh1 Qf4 32. Rxd8+ Rxd8 33. Rxh5 g4 34. Qe3 g3+ 35. Ke2 Qc4+ 36. Ke1 Qc2 37. Nd2 Qxb2 38. Rg5 Qc1+ 39. Ke2 a5 40. Rb5 Ba6 41. f4 c6 42. Qe6+ Kb8 43. Ne4 Qd1+ 0-1

[Event "Rodostosah WGM 2019"]
[Site "Tekirdag"]
[Date "2019.02.10"]
[Round "1.10"]
[White "Sade, Defne"]
[Black "Prohorov, Olexandr"]
[Result "1/2-1/2"]
[ECO "B03"]
[WhiteElo "1916"]
[BlackElo "2146"]
[Annotator "NA"]
[PlyCount "60"]
[EventDate "2019.02.08"]
[EventType "schev"]
[EventCountry "TUR"]
[SourceTitle "playchess.com"]
[Source "ChessBase"]
[SourceQuality "1"]
[TimeControl "5400+30"]

1. e4 Nf6 2. e5 Nd5 3. c4 Nb6 4. d4 d6 5. exd6 exd6 6. Nc3 Be7 7. Bd3 Nc6 8. Nge2 O-O 9. O-O Bf6 10. Be3 Nb4 11. Rc1 Bg4 12. b3 Nxd3 13. Qxd3 Re8 14. Ng3 d5 15. c5 Nc8 16. h3 Be6 17. Nce2 Bh4 18. Nf5 Bxf5 19. Qxf5 g6 20. Qf3 Bg5 21. Nc3 c6 22. Rce1 Rf8 23. Bxg5 Qxg5 24. Re5 Qd8 25. Rfe1 b6 26. b4 bxc5 27. dxc5 Rb8 28. b5 d4 29. Ne4 f5 30. Ng3 cxb5 1/2-1/2

[Event "Rodostosah WGM 2019"]
[Site "Tekirdag"]
[Date "2019.02.11"]
[Round "3.6"]
[White "Caglar, Sila"]
[Black "Eric, Jovana"]
[Result "1/2-1/2"]
[ECO "C00"]
[WhiteElo "2062"]
[BlackElo "2222"]
[Annotator "NA"]
[PlyCount "115"]
[EventDate "2019.02.08"]
[EventType "schev"]
[EventCountry "TUR"]
[SourceTitle "playchess.com"]
[Source "ChessBase"]
[SourceQuality "1"]
[TimeControl "5400+30"]

1. e4 e6 2. d3 d5 3. Nd2 Nf6 4. Ngf3 Nc6 5. e5 Nd7 6. d4 f6 7. Bb5 {C00: French: Unusual White 2nd moves} (7. exf6 Qxf6 8. Nb3 Bd6 9. Bg5 Qf7 10. Bh4 e5 11. dxe5 Ndxe5 12. Be2 O-O 13. Ng5 Qf4 14. Qxd5+ Kh8 15. Qe4 Qxe4 16. Nxe4 {0-1 (29) Gundavaa,B (2516)-Ponkratov,P (2605) Khanty-Mansiysk 2013}) 7... a6 8. Bxc6 $1 bxc6 9. exf6 Qxf6 10. Nf1 $146 ({Predecessor:} 10. O-O $11 {keeps the balance.} Bd6 11. c4 O-O 12. c5 Bf4 13. Nb3 e5 14. Bxf4 Qxf4 15. Nxe5 Nxe5 16. dxe5 Qxe5 17. Qd2 Qf6 18. Nd4 Bd7 19. Rfe1 Rfe8 20. Rad1 {½-½ (20) Garcia Martinez,S (2371)-Riazantsev,A (2485) Ubeda 2001}) 10... Bd6 11. Bg5 Qg6 12. Qe2 O-O 13. h4 h6 14. h5 Qf7 15. Bd2 {[#]} e5 $1 16. dxe5 {[#]} Nxe5 $1 17. O-O-O Nxf3 18. gxf3 Qxf3 19. Qxf3 Rxf3 20. Rg1 {[#]} Kh7 $1 21. Bc3 Rf7 22. Ne3 Bf4 23. Rg6 Bd7 24. Rdg1 {[#]} Rg8 $1 25. Kd1 Bg5 26. Ng4 Be8 27. Re6 Rf5 28. Rh1 Rf4 29. Ne5 Rxf2 30. Nd3 Rf5 31. Be5 Bd8 32. Kd2 Bxh5 33. Rxc6 Bf3 34. Rf1 Bg5+ 35. Kc3 Rc8 36. Rxa6 c5 37. Ra7 d4+ 38. Kc4 Bf6 39. Bxf6 Rxf6 40. Rg1 Rg8 41. Nxc5 h5 42. Rd7 $2 ({White should play} 42. Re7 $15) 42... h4 43. Rxd4 h3 44. Rd2 Rf4+ 45. Kc3 Bg2 46. Rgxg2 hxg2 47. Rxg2 g5 48. a4 g4 49. a5 $11 g3 50. a6 Rf3+ 51. Nd3 Ra8 52. Kd4 Rxa6 53. Ke4 Raf6 54. b4 Kh6 55. b5 R3f5 56. c4 Rg5 57. c5 Re6+ 58. Kf4 1/2-1/2

[Event "Rodostosah WGM 2019"]
[Site "Tekirdag"]
[Date "2019.02.11"]
[Round "3.7"]
[White "Kocyigit, Buse Naz"]
[Black "Dimitrijevic, Aleksandra"]
[Result "1/2-1/2"]
[ECO "A56"]
[WhiteElo "2023"]
[BlackElo "2175"]
[Annotator "NA"]
[PlyCount "71"]
[EventDate "2019.02.08"]
[EventType "schev"]
[EventCountry "TUR"]
[SourceTitle "playchess.com"]
[Source "ChessBase"]
[SourceQuality "1"]
[TimeControl "5400+30"]

1. d4 c5 2. d5 d6 3. c4 e5 4. Nc3 Be7 5. e4 Nf6 6. Bd3 Nbd7 7. Nge2 Nf8 8. h3 {LiveBook: 3 Games A56: Czech Benoni} (8. Ng3 Ng6 9. Nf5 O-O 10. Qf3 Re8 11. O-O h6 12. g3 Nh7 13. h4 Bf6 14. Nb5 Bxf5 15. exf5 e4 16. Bxe4 {1-0 (35) Wagner,D (2572)-Czebe,A (2474) Zalakaros 2015}) 8... h5 9. Ng3 g6 10. Be3 h4 11. Nge2 Nh5 12. Qd2 Nh7 (12... g5 $11) 13. O-O-O $146 ({Predecessor:} 13. a3 Bg5 14. b4 b6 15. Bxg5 Nxg5 {0-1 (59) Kojic,T (2289)-Trkulja,G (2371) Zenica 2011}) 13... a6 14. f4 exf4 15. Nxf4 Ng3 16. Rhe1 O-O 17. Nfe2 $16 Nxe2+ 18. Rxe2 Bf6 19. Bf4 Re8 20. Rde1 Re5 21. Rf1 Bd7 22. Ref2 Be8 23. Be3 Bg7 24. Bf4 b5 25. Bxe5 Bxe5 26. cxb5 axb5 27. Bxb5 Bxb5 28. Nxb5 Rxa2 29. Rxf7 Nf6 30. Qh6 Kxf7 31. Qh7+ Ke8 32. Rxf6 Bxb2+ 33. Kd1 Qxf6 34. Nc7+ Kf8 35. Ne6+ Ke8 36. Nc7+ 1/2-1/2

[Event "Rodostosah WGM 2019"]
[Site "Tekirdag"]
[Date "2019.02.11"]
[Round "3.8"]
[White "Duran, Esma Doga"]
[Black "Prohorov, Olexandr"]
[Result "1/2-1/2"]
[ECO "A87"]
[WhiteElo "2005"]
[BlackElo "2146"]
[Annotator "NA"]
[PlyCount "126"]
[EventDate "2019.02.08"]
[EventType "schev"]
[EventCountry "TUR"]
[SourceTitle "playchess.com"]
[Source "ChessBase"]
[SourceQuality "1"]
[TimeControl "5400+30"]

1. d4 g6 2. c4 Bg7 3. Nf3 c5 4. d5 f5 5. g3 d6 6. Bg2 Nf6 7. O-O O-O 8. Nc3 Na6 9. e4 fxe4 {A87: Dutch Defence: Leningrad System: 5 Nf3} 10. Ng5 Bg4 11. Qb3 {LiveBook: 3 Games} Nc7 $146 ({Predecessor:} 11... Rb8 12. Re1 Qd7 {½-½ (12) Del Rio de Angelis,S (2506)-Bartel,M (2609) Evora 2007}) 12. Ngxe4 Rb8 13. a4 b6 14. Bd2 a6 15. Rfe1 Bd7 16. Bf1 Bf5 17. Nxf6+ Bxf6 $11 18. Ne4 Bd4 19. Bc3 e5 20. dxe6 Nxe6 21. Bxd4 Nxd4 22. Qc3 Bxe4 23. Rxe4 Qf6 24. f4 a5 25. Rae1 Rb7 26. Bg2 Rbf7 27. Rxd4 cxd4 28. Qd3 g5 29. Bd5 Kg7 30. Bxf7 Rxf7 31. Re4 gxf4 32. Rxf4 Qe5 33. Re4 Qf6 34. Qxd4 Qxd4+ 35. Rxd4 Rd7 36. Kf2 Kf6 37. Rd5 Ke6 38. Ke3 Re7 39. Rb5 Kd7+ 40. Kf3 Kc6 41. Rh5 Rf7+ 42. Ke4 Rf2 43. Rxh7 Rxb2 44. g4 Rb4 45. g5 Rxc4+ 46. Kf5 Rxa4 47. g6 Ra2 48. g7 Rg2 49. Kf6 b5 50. Rh8 b4 51. g8=Q Rxg8 52. Rxg8 a4 53. h4 b3 54. Rb8 Kc5 55. h5 Kc4 56. h6 a3 57. h7 a2 58. h8=Q a1=Q+ 59. Ke6 Qxh8 60. Rxh8 b2 61. Rb8 Kc3 62. Kxd6 Kc2 63. Rxb2+ Kxb2 1/2-1/2

[Event "Rodostosah WGM 2019"]
[Site "Tekirdag"]
[Date "2019.02.11"]
[Round "3.9"]
[White "Anacoglu, Cisel"]
[Black "Shkuran, Danylo"]
[Result "0-1"]
[ECO "B41"]
[WhiteElo "1962"]
[BlackElo "2368"]
[Annotator "NA"]
[PlyCount "58"]
[EventDate "2019.02.08"]
[EventType "schev"]
[EventCountry "TUR"]
[SourceTitle "playchess.com"]
[Source "ChessBase"]
[SourceQuality "1"]
[TimeControl "5400+30"]

1. e4 c5 2. Nf3 e6 3. d4 cxd4 4. Nxd4 a6 5. c4 Nf6 6. Nc3 Qc7 7. Be2 Nc6 {LiveBook: 92 Games} 8. O-O Bd6 {B41: Sicilian: Kan Variation: 5 c4} 9. Kh1 Nxd4 10. Qxd4 O-O 11. Be3 Be5 12. Qd3 Bxc3 $146 ({Predecessor:} 12... d6 13. Rac1 Bd7 14. f4 Bxc3 15. Rxc3 Bc6 16. Bf3 {0-1 (33) Kotrotsos,V (2356)-Banikas,H (2548) Ermioni Argolidas 2005}) 13. bxc3 b5 14. cxb5 (14. c5 $16) 14... axb5 15. Bf3 Bb7 16. Bg5 Bc6 17. Bxf6 gxf6 18. Rfd1 Ra3 19. Qd4 Qe5 $19 20. c4 Qxd4 21. Rxd4 e5 22. Rd2 bxc4 23. Rc2 Rfa8 24. Kg1 f5 25. exf5 e4 26. Be2 d5 27. g4 c3 28. f3 d4 29. Rd1 Ba4 0-1

[Event "Rodostosah WGM 2019"]
[Site "Tekirdag"]
[Date "2019.02.11"]
[Round "3.10"]
[White "Sade, Defne"]
[Black "Brankovic, Dejan"]
[Result "1/2-1/2"]
[ECO "B45"]
[WhiteElo "1916"]
[BlackElo "2318"]
[Annotator "NA"]
[PlyCount "77"]
[EventDate "2019.02.08"]
[EventType "schev"]
[EventCountry "TUR"]
[SourceTitle "playchess.com"]
[Source "ChessBase"]
[SourceQuality "1"]
[TimeControl "5400+30"]

1. e4 c5 2. Nf3 e6 3. d4 cxd4 4. Nxd4 Nf6 {LiveBook: 12662 Games} 5. Nc3 Nc6 6. Be2 Bb4 7. O-O O-O 8. Nxc6 bxc6 9. e5 {B45: Sicilian Four Knights} Nd5 10. Ne4 Qc7 (10... f5 11. Nd6 Bxd6 12. exd6 Qb6 13. c4 Nf6 14. b3 c5 15. Bf4 Bb7 16. f3 a5 {½-½ (32) Kobalia,M (2648)-Petrov,M (2535) Tromsoe 2010}) 11. f4 f5 $146 ({Predecessor:} 11... f6 12. c4 Qb6+ 13. Kh1 Ne3 14. Bxe3 Qxe3 15. Bd3 fxe5 16. Rf3 Qd4 {0-1 (44) Schneider,B (2395)-Wilde,P (2295) Eislingen 1994}) 12. Ng5 Bc5+ 13. Kh1 h6 14. Nf3 Ne3 15. Bxe3 $1 Bxe3 16. Nd2 g5 17. fxg5 Bxg5 18. Nc4 Rb8 19. Bd3 $11 ({Better is} 19. Nd6 $16) 19... c5 20. Qh5 d5 21. exd6 Qf7 22. Qe2 Bf6 23. Rf3 Bb7 24. Rg3+ Kh8 25. Re1 Bd5 26. b3 Rg8 27. Ne5 Qh7 28. c4 Ba8 29. Qh5 Rxg3 30. hxg3 Kg8 31. Ng4 Bg5 32. Rxe6 Qb7 33. Qg6+ Kh8 34. Re8+ Rxe8 35. Qxe8+ Kg7 36. Qe5+ Kg8 37. Qe8+ Kg7 38. Qe5+ Kg8 39. Be4 1/2-1/2

[Event "Rodostosah WGM 2019"]
[Site "Tekirdag"]
[Date "2019.02.12"]
[Round "4.7"]
[White "Prohorov, Olexandr"]
[Black "Kocyigit, Buse Naz"]
[Result "0-1"]
[ECO "D94"]
[WhiteElo "2146"]
[BlackElo "2023"]
[Annotator "NA RC"]
[PlyCount "70"]
[EventDate "2019.02.08"]
[EventType "schev"]
[EventCountry "TUR"]
[SourceTitle "playchess.com"]
[Source "ChessBase"]
[SourceQuality "1"]
[TimeControl "5400+30"]

1. d4 Nf6 2. Nf3 g6 3. c4 Bg7 4. Nc3 d5 5. e3 O-O $11 {[%emt 0:00:00] LiveBook: 1854 Games} 6. Be2 c5 7. O-O cxd4 8. Nxd4 dxc4 9. Bxc4 Qc7 10. Qe2 a6 11. Bd2 e5 12. Nb3 e4 13. Nd5 Nxd5 14. Bxd5 Bxb2 15. Rab1 Be5 16. Bxe4 Nc6 17. f4 Bd6 18. Bc3 Re8 19. Nd2 b5 20. Qf3 Bb7 21. Rbc1 Rac8 22. Bd5 Qb6 23. Ne4 Rxe4 24. Qxe4 Bc5 25. f5 Bxe3+ 26. Kh1 g5 27. Rce1 Bc5 28. Qe8+ Rxe8 29. Rxe8+ Bf8 30. Bg7 Kxg7 31. f6+ Kg8 32. Rf5 h6 33. h4 Nd4 34. hxg5 Nxf5 35. g6 Bxd5 0-1

[Event "Rodostosah WGM 2019"]
[Site "Tekirdag"]
[Date "2019.02.12"]
[Round "4.8"]
[White "Shkuran, Danylo"]
[Black "Duran, Esma Doga"]
[Result "1-0"]
[ECO "A07"]
[WhiteElo "2368"]
[BlackElo "2005"]
[Annotator "NA RC"]
[PlyCount "75"]
[EventDate "2019.02.08"]
[EventType "schev"]
[EventCountry "TUR"]
[SourceTitle "playchess.com"]
[Source "ChessBase"]
[SourceQuality "1"]
[TimeControl "5400+30"]

1. Nf3 d5 2. g3 Nf6 3. Bg2 Bg4 4. d3 e6 {[%emt 0:00:30] LiveBook: 23 Games} 5. O-O c5 {[%emt 0:00:30] A07: Réti Opening: New York and Capablanca Systems} 6. c4 Nc6 7. Qa4 Qd7 8. cxd5 exd5 9. Bg5 Be7 10. Nc3 O-O $146 ({Predecessor:} 10... d4 11. Bxf6 Bxf6 12. Ne4 Be7 13. Rac1 b6 {½-½ (30) Edouard,R (2628)-Cornette,M (2599) Cap d'Agde 2016}) 11. Bxf6 $1 Bxf6 12. Nxd5 Bxb2 13. Rab1 Bxf3 14. Bxf3 Be5 15. Ne3 Rab8 16. Nc4 Bf6 17. Na5 Qc7 18. Bxc6 bxc6 19. Rxb8 Rxb8 20. Nxc6 Rb2 21. Qe4 g6 22. Rc1 Qd6 23. a4 a6 24. Na5 Rb4 25. Rc4 $16 Qb6 26. Rxb4 cxb4 27. Nb3 Bg7 28. Qc4 Bf8 29. e4 Kg7 30. Qd4+ Qxd4 31. Nxd4 Kf6 32. Kf1 Ke5 33. Nc6+ Ke6 34. Ke2 f5 35. f3 fxe4 36. fxe4 Bd6 37. d4 Kd7 38. d5 1-0

[Event "Rodostosah WGM 2019"]
[Site "Tekirdag"]
[Date "2019.02.13"]
[Round "5.6"]
[White "Caglar, Sila"]
[Black "Prohorov, Olexandr"]
[Result "1-0"]
[ECO "B15"]
[WhiteElo "2062"]
[BlackElo "2146"]
[Annotator "NA"]
[PlyCount "119"]
[EventDate "2019.02.08"]
[EventType "schev"]
[EventCountry "TUR"]
[SourceTitle "playchess.com"]
[Source "ChessBase"]
[SourceQuality "1"]
[TimeControl "5400+30"]

1. e4 g6 2. d4 Bg7 3. Nc3 c6 4. Be3 d5 5. Nf3 dxe4 6. Nxe4 Nd7 7. Bc4 Ngf6 8. Ng3 O-O 9. Qd2 b5 10. Bb3 a5 $11 11. a4 Nb6 12. Ne5 Qc7 13. O-O e6 14. Bf4 Qb7 15. axb5 cxb5 16. Rxa5 Rxa5 17. Qxa5 Nbd5 18. Bd2 h5 19. h4 Ne7 20. Bg5 Nc6 21. Qc3 Bd7 22. Qf3 Ng4 23. Nxg4 hxg4 24. Qxg4 Nxd4 25. h5 Nxb3 26. cxb3 f5 27. Qh4 Be8 28. Re1 Qf7 29. h6 Bxb2 30. Ne2 Kh7 31. Nf4 Bd7 32. Rd1 Rc8 33. Nh3 Be8 34. Bd8 Kh8 35. Ng5 Qg8 36. h7 Qg7 37. Nxe6 Qxh7 38. Bf6+ Kg8 39. Qxh7+ Kxh7 40. Bxb2 Rc2 41. Be5 Re2 42. Ng5+ Kh6 43. Bf4 Kh5 44. f3 Kh6 45. Rd8 Kg7 46. Rd2 Re1+ 47. Kf2 Rb1 48. Re2 Bc6 49. Re7+ Kg8 50. Rc7 Bd5 51. Be5 Kf8 52. b4 Ke8 53. Bd6 Kd8 54. Rg7 f4 55. Bxf4 Rxb4 56. Rxg6 Bc4 57. Be5 Rb1 58. Rg7 b4 59. Ne4 Rc1 60. Bf6+ 1-0

[Event "Rodostosah WGM 2019"]
[Site "Tekirdag"]
[Date "2019.02.13"]
[Round "5.8"]
[White "Duran, Esma Doga"]
[Black "Brankovic, Dejan"]
[Result "1-0"]
[ECO "E16"]
[WhiteElo "2005"]
[BlackElo "2318"]
[Annotator "NA"]
[PlyCount "87"]
[EventDate "2019.02.08"]
[EventType "schev"]
[EventCountry "TUR"]
[SourceTitle "playchess.com"]
[Source "ChessBase"]
[SourceQuality "1"]
[TimeControl "5400+30"]

1. d4 Nf6 2. c4 e6 3. Nf3 b6 4. g3 Bb4+ 5. Nbd2 Bb7 6. Bg2 O-O 7. O-O h6 {LiveBook: 6 Games} 8. Qc2 Bxd2 9. Bxd2 Be4 10. Qd1 d6 11. Bc3 Qe7 12. Nd2 Bxg2 13. Kxg2 $11 c5 14. e4 cxd4 15. Bxd4 Nc6 16. Bc3 e5 17. Qe2 Rfe8 18. Rfe1 Rac8 19. Rad1 Nd7 20. Nf1 Nf6 21. Ne3 Qe6 22. Nd5 Ne7 23. f4 Nexd5 24. cxd5 Qd7 25. Rc1 Nh7 26. fxe5 dxe5 27. h4 Nf6 28. Rf1 Qd6 29. Rf3 Nd7 30. Rcf1 Rf8 31. Rf5 g6 32. R5f2 h5 33. g4 hxg4 34. Qxg4 Kg7 35. h5 Rc7 36. Qg5 Rc4 37. Rf6 Nxf6 38. Bxe5 Rc2+ 39. Kh1 Qd7 40. Qxf6+ Kh6 41. Qg7+ Kxh5 42. Qh7+ Kg4 43. Rf4+ Kg3 44. Qh4# 1-0

[Event "Rodostosah WGM 2019"]
[Site "Tekirdag"]
[Date "2019.02.13"]
[Round "5.9"]
[White "Anacoglu, Cisel"]
[Black "Eric, Jovana"]
[Result "0-1"]
[ECO "B03"]
[WhiteElo "1962"]
[BlackElo "2222"]
[Annotator "ChessBase"]
[PlyCount "118"]
[EventDate "2019.02.08"]
[EventType "schev"]
[EventCountry "TUR"]
[SourceTitle "playchess.com"]
[Source "ChessBase"]
[SourceQuality "1"]
[TimeControl "5400+30"]

1. e4 Nf6 2. e5 Nd5 3. d4 d6 4. c4 Nb6 5. exd6 exd6 6. Nc3 Be7 7. Bd3 Nc6 8. Nge2 Bg4 9. Be3 O-O 10. O-O Nb4 11. f3 Nxd3 12. Qxd3 Bc8 13. b3 g6 14. d5 Nd7 15. Qd2 Re8 16. Nd4 Bf6 17. Rad1 Ne5 18. Ne4 Bg7 19. Bh6 Bh8 20. Qf4 f6 21. Qg3 Nf7 22. Bc1 Bd7 23. h4 Bg7 24. Rfe1 Nh6 25. Bxh6 Bxh6 26. h5 f5 27. Nf2 Qf6 28. Rxe8+ Rxe8 29. hxg6 hxg6 30. f4 Bg7 31. Kf1 c5 32. dxc6 bxc6 33. Qg5 Qxg5 34. fxg5 d5 35. cxd5 cxd5 36. Nf3 Bb5+ 37. Kg1 Bc6 38. Kf1 Kf7 39. Nd4 Bb7 40. Nb5 Bf8 41. Nd3 a6 42. Nd4 Bd6 43. Re1 Re4 44. Nf3 a5 45. Nde5+ Kg7 46. Kf2 Bc5+ 47. Kg3 Bd6 48. Kf2 d4 49. Nc4 Bc5 50. Ncd2 Re3 51. Nc4 f4 52. Nxe3 fxe3+ 53. Kg3 d3 54. Rc1 Bd6+ 55. Kh4 d2 56. Nxd2 exd2 57. Rd1 Bb4 58. a3 Bc3 59. Kg3 Bd5 0-1

[Event "Rodostosah WGM 2019"]
[Site "Tekirdag"]
[Date "2019.02.13"]
[Round "5.10"]
[White "Sade, Defne"]
[Black "Dimitrijevic, Aleksandra"]
[Result "1/2-1/2"]
[ECO "B07"]
[WhiteElo "1916"]
[BlackElo "2175"]
[Annotator "NA"]
[PlyCount "73"]
[EventDate "2019.02.08"]
[EventType "schev"]
[EventCountry "TUR"]
[SourceTitle "playchess.com"]
[Source "ChessBase"]
[SourceQuality "1"]
[TimeControl "5400+30"]

1. e4 d6 2. d4 Nf6 3. Nc3 e5 4. dxe5 dxe5 5. Qxd8+ Kxd8 6. Bc4 Be6 7. Bxe6 fxe6 8. Nf3 Bd6 9. Bg5 Nc6 10. O-O-O {LiveBook: 9 Games} Ke7 11. a3 a6 12. Rd2 {B07: Pirc Defence: Miscellaneous Systems} h6 13. Bh4 b5 $146 (13... g5 $5 14. Bg3 $8 Rad8 $11) ({Predecessor:} 13... Raf8 14. Bxf6+ Rxf6 15. h4 Rhf8 16. Nd1 Rf4 17. Re2 Rg4 18. Ne3 Rxe4 19. Nd2 Ref4 {½-½ (49) Romieux,S (2277)-Guidarelli,L (2433) France 2009}) 14. Rhd1 Rhb8 15. Bxf6+ gxf6 16. Ne2 a5 (16... b4 $15 17. a4 b3) 17. Rd3 Rg8 $11 18. Ng3 a4 19. c3 Na5 20. Ne1 Raf8 21. Kb1 Nc4 22. f3 Rd8 23. Nf1 f5 24. Ne3 f4 25. Nxc4 bxc4 26. R3d2 Bc5 27. Rxd8 Rxd8 28. Rxd8 Kxd8 29. Kc2 Bg1 30. h3 Ke7 31. Kd1 Kf6 32. Nc2 c5 33. Ke2 Kg5 34. Kf1 Bh2 35. Kf2 Bg3+ 36. Kf1 Bh4 37. Kg1 1/2-1/2

[Event "Rodostosah WGM 2019"]
[Site "Tekirdag"]
[Date "2019.02.13"]
[Round "6.6"]
[White "Shkuran, Danylo"]
[Black "Caglar, Sila"]
[Result "1-0"]
[ECO "B22"]
[WhiteElo "2368"]
[BlackElo "2062"]
[Annotator "NA"]
[PlyCount "69"]
[EventDate "2019.02.08"]
[EventType "schev"]
[EventCountry "TUR"]
[SourceTitle "playchess.com"]
[Source "ChessBase"]
[SourceQuality "1"]
[TimeControl "5400+30"]

1. e4 c5 2. c3 Nf6 3. e5 Nd5 4. d4 cxd4 5. Nf3 g6 (5... Nc6 6. cxd4 d6 7. Bc4 Nb6 8. Bb5 Bd7 9. exd6 e6 10. Bg5 f6 11. Be3 Bxd6 12. Nc3 Nb4 13. Be2 N4d5 14. O-O O-O 15. Bd3 Rc8 16. Rc1 Be8 17. Nxd5 Nxd5 18. Rxc8 Qxc8 {0-1 (26) Potkin,V (2597)-Nepomniachtchi,I (2763) Moscow 2018}) 6. Qxd4 {LiveBook: 32 Games B22: Sicilian: 2 c3} Nb6 7. Qh4 Bg7 $146 ({Predecessor:} 7... Nc6 8. Na3 h6 9. Bd3 Bg7 10. Qg3 d6 11. exd6 O-O {1-0 (55) Fressinet,L (2662)-Brodowski,P (2430) Katowice 2017}) 8. Bh6 O-O 9. Bd3 f6 10. Na3 fxe5 11. O-O-O d6 12. Be3 Qe8 13. Ng5 h6 14. Nh3 Qa4 15. Qxe7 Bf5 $2 (15... Nc6 $1 $11 16. Qxd6 Rf6) 16. Bxf5 gxf5 17. Rxd6 f4 18. Bxb6 axb6 19. Rhd1 ({But not} 19. Rxb6 Rf7 $18) 19... Nc6 20. Qxb7 Nd4 21. Rd7 Nf5 22. Qd5+ Kh8 23. g4 fxg3 24. hxg3 Rfc8 $18 (24... Qg4) 25. Qf3 Nd4 26. R1xd4 exd4 27. Qf7 Rg8 28. Nf4 dxc3 29. Ng6+ Kh7 30. Qf5 cxb2+ 31. Kb1 Qd1+ 32. Rxd1 Rgd8 33. Rxd8 Rxd8 34. Ne5+ Kg8 35. Nd3 1-0

[Event "Rodostosah WGM 2019"]
[Site "Tekirdag"]
[Date "2019.02.13"]
[Round "6.7"]
[White "Brankovic, Dejan"]
[Black "Kocyigit, Buse Naz"]
[Result "1-0"]
[ECO "A08"]
[WhiteElo "2318"]
[BlackElo "2023"]
[Annotator "ChessBase"]
[PlyCount "79"]
[EventDate "2019.02.08"]
[EventType "schev"]
[EventCountry "TUR"]
[SourceTitle "playchess.com"]
[Source "ChessBase"]
[SourceQuality "1"]
[TimeControl "5400+30"]

1. Nf3 Nf6 2. g3 g6 3. Bg2 Bg7 4. O-O O-O 5. d3 d5 6. Nbd2 c5 7. c3 Nc6 8. e4 e5 9. exd5 Nxd5 10. Re1 h6 11. Nc4 Re8 12. Qb3 Nc7 13. a4 Rb8 14. Nfd2 Be6 15. Qc2 Bd5 16. Bf1 f5 17. Ne3 Bf7 18. h4 Nd5 19. Nf3 f4 20. Nc4 g5 21. Bh3 Bg6 22. Ncd2 Ndb4 23. cxb4 Nxb4 24. Qc4+ Bf7 25. Qe4 Nxd3 26. Rd1 c4 27. Nxc4 Nxf2 28. Rxd8 Nxe4 29. Rxb8 Rxb8 30. Ncxe5 Nxg3 31. hxg5 Bxe5 32. Nxe5 hxg5 33. Nxf7 Kxf7 34. Bd2 Rd8 35. Be1 Rd3 36. Bg4 Kg6 37. Rd1 Rb3 38. Rd6+ Kh7 39. Bc3 a6 40. Bd1 1-0